 Dungeon Crawl Stone Soup version 0.32-a0-39-g5c88369fb2 (webtiles) character file.

Game seed: 6518658455380717323

8810 Ge0ff the Thaumaturge (level 11, -8/80 HPs)
             Began as a Mummy Cinder Acolyte on Feb 1, 2024.
             Was a Believer of Ignis.
             Mangled by a freezing wraith (19 damage)
             ... on level 9 of the Dungeon.
             The game lasted 00:20:12 (12503 turns).

Ge0ff the Thaumaturge (Mummy Cinder Acolyte)       Turns: 12503, Time: 00:20:13

Health: -8/80      AC:  6    Str: 18    XL:     11   Next: 14%
Magic:  21/26      EV: 11    Int: 23    God:    Ignis [**....]
Gold:   102        SH:  0    Dex:  7    Spells: 19/32 levels left

rFire   + . .        a - +7 spear "Suypow" {elec, rPois Int+5}
rCold   . . .        (no shield)
rNeg    + + +        b - +0 robe
rPois   ∞            z - +0 helmet
rElec   .            G - +0 cloak
rCorr   .            S - +0 pair of gloves
SInv    .            V - +0 pair of boots
Will    ++...        (no amulet)
Stlth   ++           c - ring of fire
HPRegen 0.33/turn    U - ring of willpower {=R}
MPRegen 0.20/turn

%: faith
@: no status effects
A: cold resistance 1, negative energy resistance 3, torment resistance 2, heat
vulnerability 1, in touch with death 1, no potions, faith
a: Renounce Religion, Fiery Armour, Foxfire Swarm, Rising Flame


You were on level 9 of the Dungeon.
You worshipped Ignis.
Ignis was pleased with you.
You visited 2 branches of the dungeon, and saw 10 of its levels.

You collected 491 gold pieces.
You spent 389 gold pieces at shops.

Inventory:

Hand Weapons
 a - the +7 spear "Suypow" (weapon) {elec, rPois Int+5}
   (You took it off a hobgoblin on level 3 of the Dungeon)

   Int+5:     It affects your intelligence (+5).
   rPois:     It protects you from poison
 D - a +3 quarterstaff of chaos
 W - a +0 dagger of flaming
 Y - a -1 spear of flaming
Missiles
 v - 4 curare-tipped darts {=F}
 I - 8 poisoned darts
 N - 94 stones
Armour
 b - a +0 robe (worn)
 e - a +0 buckler
 z - a +0 helmet (worn)
 G - a +0 cloak (worn)
 S - a +0 pair of gloves (worn)
 V - a +0 pair of boots (worn)
Jewellery
 c - a ring of fire (left hand)
 A - an amulet of regeneration
 L - a ring of fire
 M - a +6 ring of strength
 U - a ring of willpower (right hand) {=R}
 X - an amulet of guardian spirit
 Z - a ring of protection from cold
Wands
 f - a wand of flame (3)
 j - a wand of acid (3)
 k - a wand of iceblast (11)
 P - a wand of polymorph (11)
Scrolls
 m - 4 scrolls of revelation
 x - a scroll of amnesia
 y - a scroll of immolation
 B - 2 scrolls of blinking
 C - a scroll of poison
 E - a scroll of fear
 F - a scroll of fog
 H - 2 scrolls of enchant armour
 O - 2 scrolls of vulnerability {unknown}
 Q - a scroll of torment
 R - a scroll of enchant weapon
 T - 8 scrolls of teleportation


   Skills:
 + Level 5.4 Fighting
 - Level 2.4 Polearms
 - Level 1.0 Throwing
 - Level 1.0 Armour
 - Level 2.0 Dodging
 - Level 2.0 Stealth
 - Level 3.0 Shields
 + Level 11.2 Spellcasting
 - Level 7.0 Fire Magic
 * Level 2.3 Ice Magic
 - Level 7.0 Alchemy
 + Level 3.5 Evocations


You had 19 spell levels left.
You knew the following spells:

 Your Spells              Type           Power      Damage    Failure   Level
a - Ozocubu's Refrigerat  Ice            11%        4d10      100%        7
s - Sticky Flame          Fire/Alch      61%        2d10      2%          4
C - Scorch                Fire           100%       2d9       1%          2

Your spell library contained the following spells:

 Spells                   Type           Power      Damage    Failure   Level
 Olgreb's Toxic Radiance  Alch           45%        N/A       2%          4
 Inner Flame              Hex/Fire       43%        N/A       3%          3
 Mephitic Cloud           Conj/Alch/Air  23%        N/A       6%          3
 Lesser Beckoning         Tloc           24%        N/A       8%          2
 Flame Wave               Conj/Fire      43%        2d11      12%         4
 Call Canine Familiar     Summ           12%        N/A       16%         3
 Dazzling Flash           Conj/Hex       24%        N/A       16%         3
 Gell's Gravitas          Tloc           12%        N/A       16%         3
 Sigil of Binding         Hex            12%        N/A       16%         3
 Teleport Other           Tloc           12%        N/A       16%         3
 Dimensional Bullseye     Hex/Tloc       6%         N/A       45%         4
 Curse of Agony           Necr           19%        N/A       80%         5
 Silence                  Hex/Air        6%         N/A       80%         5
 Discord                  Hex            6%         N/A       100%        8


Dungeon Overview and Level Annotations

Branches:
Dungeon (9/15) Zot: 24077  Temple (1/1) D:5 Zot: 5910     Orc (0/2) D:9
   Lair: D:8-11

Altars:
Ashenzari
Cheibriados
Dithmenos
Fedhas
Gozag
Hepliaklqana
Kikubaaqudgha
Makhleb
Nemelex Xobeh
Okawaru
Qazlal
Ru
Sif Muna
Trog
Uskayaw
Vehumet
Wu Jian
Xom
Yredelemnul

Shops:
D:8 (   D:9 **

Annotations:
D:8 dig


Innate Abilities, Weirdness & Mutations

You are immune to poison.
Your flesh is cold resistant. (rC+)
You are immune to negative energy. (rN+++)
You are immune to unholy pain and torment.
You are vulnerable to heat. (rF-)
You are in touch with the powers of death.
You do not drink.
You have a special connection with the divine. (Faith)


Message History

Casting: Sticky Flame (dangerous; 2% risk of failure)
Confirm with . or Enter, or press ? or * to list all spells.
You feel a surge of power!
Flames lash the five-headed hydra.
The five-headed hydra is heavily wounded.
The five-headed hydra's fire resistance burns away.
You hear a shout!
The five-headed hydra burns!
A centaur warrior opens the door.
The five-headed hydra bites you. The five-headed hydra bites you!
The five-headed hydra bites you.
The five-headed hydra bites you but does no damage.
The five-headed hydra barely misses you.
Casting: Scorch (safe; 1% risk of failure)
Press: ? - help, Q - select action, (/) - cycle Dir - look around, f - activate
Okay, then.
Okay, then.
Unknown command.
Aiming: Corrosive Bolt
Press: ? - help, Shift-Dir - straight line, f - centaur warrior, p - five-headed hydra
Aim: a centaur warrior (81% to hit)
The bolt of acid hits the five-headed hydra!!
The acid corrodes the five-headed hydra!
The five-headed hydra is severely wounded.
The bolt of acid hits the centaur warrior!
The centaur warrior is moderately wounded.
The five-headed hydra burns!
The five-headed hydra bites you! The five-headed hydra misses you.
The five-headed hydra barely misses you.
The five-headed hydra bites you. The five-headed hydra bites you!
* * * LOW HITPOINT WARNING * * *
A freezing wraith comes into view.
Aiming: Corrosive Bolt
Press: ? - help, Shift-Dir - straight line, f/p - centaur warrior
Aim: a centaur warrior (moderately wounded, 81% to hit)
The bolt of acid hits the five-headed hydra!
You kill the five-headed hydra!
The bolt of acid misses the centaur warrior.
The centaur warrior wields a +0 shortbow.
The centaur warrior shoots an arrow.
The arrow hits you!
* * * LOW HITPOINT WARNING * * *
Your Ice Magic skill increases to level 2!
As you read the scroll of fear, it crumbles to dust.
You assume a fearsome visage.
The centaur warrior easily resists.
The freezing wraith is unaffected.
The centaur warrior shoots an arrow.
The arrow barely misses you.
As you read the scroll of fear, it crumbles to dust.
You assume a fearsome visage.
The centaur warrior looks frightened!
The freezing wraith is unaffected.
The freezing wraith hits you.
* * * LOW HITPOINT WARNING * * *
The freezing wraith freezes you!!
You die...

##......#### #.....### #...###
#.........#####..#....###.....#
..<.........##...#.##.........#
.........................#...##
..............########'#....##
..............#c.#. #..#.##.#
##....####....#..' #..#.####
#......#####..##W# #'##..##
#........# ##.#.@# #..#...#
#........###..#..# #..#...#
#.....##..#...##'####)##..##
##...####.....#..'..†..#..#
##...###......#..#..#..#.##
#...###.......##########.#
...###.....##............#
....##....#####..#.#...#.##
...####...## ##.###......#


You could see a centaur warrior (fleeing) and a freezing wraith.

Vanquished Creatures
  A hydra (D:9)
  A boulder beetle (D:9)
  A two-headed ogre (D:9)
  A deep elf pyromancer (D:9)
  2 kobold demonologists (D:8)
  A komodo dragon (D:7)
  A troll (D:9)
  A vampire (D:9)
  A wyvern (D:9)
  7 yaks
  2 black bears
  An ice beast (D:8)
  10 orc warriors
  An ogre (D:5)
  A centaur (D:6)
  A kobold brigand (D:9)
  A phantom (D:5)
  7 bullfrogs
  A scorpion (D:6)
  15 wights
  3 killer bees (D:9)
  5 howler monkeys
  A bombardier beetle (D:5)
  10 orc priests
  A gnoll bouda (D:7)
  4 hounds
  Crazy Yiuf (D:6)
  A sleepcap (D:6)
  5 iguanas
  8 orc wizards
  7 gnolls
  10 adders
  2 shadow imps
  A white imp (D:5)
  7 ufetubi
  4 ribbon worms
  35 orcs
  6 endoplasms
  8 giant cockroaches
  10 hobgoblins
  4 jackals (D:3)
  5 quokkas
  3 ball pythons
  4 bats
  5 frilled lizards
  11 goblins
  3 kobolds
  4 rats
225 creatures vanquished.

Vanquished Creatures (others)
  79 foxfires
79 creatures vanquished.

Grand Total: 304 creatures vanquished

Notes
Turn   | Place    | Note
-------+----------+-------------------------------------------
     0 | D:1      | Ge0ff the Mummy Cinder Acolyte began the quest for the Orb.
     0 | D:1      | Reached XP level 1. HP: 18/18 MP: 2/2
   313 | D:1      | Reached XP level 2. HP: 24/24 MP: 4/4
   349 | D:1      | Reached skill level 2 in Spellcasting
   407 | D:1      | Learned a level 2 spell: Scorch
   899 | D:2      | Reached skill level 1 in Stealth
  1012 | D:2      | Reached XP level 3. HP: 12/29 MP: 0/6
  2561 | D:3      | Reached XP level 4. HP: 35/35 MP: 5/8
  2641 | D:3      | Reached skill level 3 in Spellcasting
  3027 | D:3      | Found a shimmering blue altar of Sif Muna.
  3029 | D:3      | Found an iron altar of Okawaru.
  3038 | D:3      | Identified the +7 spear "Suypow" {elec, rPois Int+5}
  3588 | D:4      | Reached XP level 5. HP: 41/41 MP: 1/10
  3794 | D:4      | Found an ornate altar of the Wu Jian Council.
  3833 | D:4      | Noticed a black bear
  3841 | D:4      | Killed a black bear
  3842 | D:4      | Reached skill level 4 in Spellcasting
  4132 | D:4      | Reached XP level 6. HP: 47/47 MP: 9/13
  4174 | D:4      | Found a burning altar of Makhleb.
  4343 | D:4      | Found a shadowy altar of Dithmenos.
  4360 | D:4      | Reached skill level 5 in Spellcasting
  4613 | D:5      | Entered Level 5 of the Dungeon
  4754 | D:5      | Found a staircase to the Ecumenical Temple.
  4777 | Temple   | Entered the Ecumenical Temple
  4998 | D:5      | Reached skill level 6 in Spellcasting
  4998 | D:5      | Reached XP level 7. HP: 52/52 MP: 10/16
  5105 | D:5      | Reached skill level 5 in Fire Magic
  5452 | D:5      | Found a broken altar of Ashenzari.
  5781 | D:6      | Found a radiant altar of Vehumet.
  5826 | D:6      | Reached skill level 7 in Spellcasting
  5957 | D:6      | Reached XP level 8. HP: 54/58 MP: 3/19
  6158 | D:6      | Reached skill level 8 in Spellcasting
  7010 | D:6      | Found a runed translucent door.
  7011 | D:6      | Noticed Crazy Yiuf
  7016 | D:6      | Killed Crazy Yiuf
  7114 | D:7      | Learned a level 4 spell: Sticky Flame
  7160 | D:7      | Reached skill level 9 in Spellcasting
  7215 | D:7      | Noticed a komodo dragon
  7223 | D:7      | Reached skill level 1 in Alchemy
  7225 | D:7      | Killed a komodo dragon
  7229 | D:7      | Reached XP level 9. HP: 42/63 MP: 6/22
  7852 | D:7      | Found an ancient bone altar of Kikubaaqudgha.
  7949 | D:7      | Found a sparkling altar of Nemelex Xobeh.
  8164 | D:8      | Found Rabril's Weapon Boutique.
  8370 | D:8      | Reached skill level 10 in Spellcasting
  8619 | D:8      | Reached skill level 5 in Alchemy
  8773 | D:8      | Found a sacrificial altar of Ru.
  9592 | D:9      | Noticed a two-headed ogre
  9592 | D:9      | Noticed a kobold demonologist
  9594 | D:9      | Killed a two-headed ogre
  9595 | D:9      | Reached skill level 1 in Throwing
  9595 | D:9      | Reached XP level 10. HP: 70/70 MP: 21/24
  9605 | D:8      | Reached skill level 1 in Armour
  9605 | D:8      | Reached skill level 1 in Dodging
  9605 | D:8      | Reached skill level 1 in Shields
  9605 | D:8      | Reached skill level 1 in Evocations
 10427 | D:9      | Noticed an orange demon
 10435 | D:9      | Noticed a rust devil
 11429 | D:9      | Found Samnody's Assorted Antiques.
 11436 | D:9      | Bought a scroll labelled OBLOYNE QATT for 24 gold pieces
 11436 | D:9      | Bought a scroll labelled LIRGHI FOYLOA for 24 gold pieces
 11436 | D:9      | Bought a scroll labelled HUNEROICEI for 24 gold pieces
 11436 | D:9      | Bought a scroll of teleportation for 72 gold pieces
 11793 | D:9      | Found Aplimnari's Assorted Antiques.
 11879 | D:9      | Reached skill level 11 in Spellcasting
 11946 | D:9      | Bought a twisted leather armour for 245 gold pieces
 11946 | D:9      | Identified the +2 leather armour of Pandemonium {rF+ rC-
                  | Stlth+} (You bought it in a shop on level 9 of the Dungeon)
 11985 | D:9      | Learned a level 7 spell: Ozocubu's Refrigeration
 12094 | D:9      | Found a runed translucent door.
 12094 | D:9      | Noticed a deep elf pyromancer
 12097 | D:9      | Killed a deep elf pyromancer
 12098 | D:9      | Reached skill level 5 in Fighting
 12098 | D:9      | Reached skill level 1 in Ice Magic
 12101 | D:9      | Noticed a boulder beetle
 12205 | D:9      | Found a staircase to the Orcish Mines.
 12358 | D:9      | Killed a boulder beetle
 12359 | D:9      | Reached XP level 11. HP: 52/80 MP: 12/26
 12497 | D:9      | Noticed a five-headed hydra
 12500 | D:9      | Noticed a centaur warrior
 12501 | D:9      | Killed a five-headed hydra
 12503 | D:9      | Mangled by a freezing wraith

Illustrated notes

Levels and vault maps discovered:
D:1:      minmay_arrival_diagonal_passages, layout_basic
D:2:      layout_basic
D:3:      kennysheep_the_goblin_king, layout_loops_cross,
          okawaru_ov_weapons_minmay, mainiacjoe_overflow_boulevard
D:4:      layout_loops_cross, nicolae_wu_jian_immortal_techniques,
          grunt_dithmenos_smoke, makhleb_heckhound_becter
D:5:      minmay_inner_zag, layout_cave_pools,
          mainiacjoe_overflow_concentric_impassable,
          minmay_temple_entry_proselytizer, nicolae_kite_square_tiling_tiny
D:6:      layout_loops_ring, nicolae_vehumet_radiance, old_standard_altar,
          uniq_crazy_yiuf_cottage
D:7:      layout_loops_ring, nemelex_spade_bored_becter,
          mainiacjoe_overflow_chevrons, minmay_lizard_king
D:8:      layout_cave_pods, mainiacjoe_overflow_paths, serial_shops,
          nicolae_shop_hallway_plus, minivault_21
D:9:      layout_cave_pools, david_orc_4, serial_shops,
          nicolae_shop_tiny_real_fake_doors, kennysheep_little_box, minivault_13
Temple:   nicolae_temple_bog_church

Skill      XL: |  1  2  3  4  5  6  7  8  9 10 11 |
---------------+----------------------------------+-----
Spellcasting   | 2 3 4 6 7 9 10 11 | 11.2
Stealth        | 1 2 |  2.0
Fire Magic     | 3 4 5 6 7 |  7.0
Alchemy        | 2 7 |  7.0
Throwing       | 1 |  1.0
Armour         | 1 |  1.0
Dodging        | 2 |  2.0
Shields        | 3 |  3.0
Evocations     | 3 |  3.5
Fighting       | 5 |  5.4
Ice Magic      | 1 2 |  2.3
Polearms       | |  2.4

Action                     |  1- 3 |  4- 6 |  7- 9 | 10-12 || total
---------------------------+-------+-------+-------+-------++-------
  Melee: Spear             |    66 |    38 |    18 |       ||   122
         Punch             |     1 |       |       |       ||     1
  Throw: Stone             |       |       |       |     2 ||     2
   Cast: Scorch            |    34 |    59 |   161 |    74 ||   328
         Sticky Flame      |       |       |     7 |    33 ||    40
 Invoke: Fiery Armour      |     1 |     1 |     1 |       ||     3
         Foxfire Swarm     |       |       |     3 |     1 ||     4
  Evoke: Wand              |       |       |     3 |     2 ||     5
    Use: Scroll            |     1 |       |     4 |    10 ||    15
 Armour: Robe              |    30 |    35 |    53 |    68 ||   186
  Dodge: Dodged            |    31 |    30 |    38 |    42 ||   141

Table legend: (Time is in decaauts)
 A = Elapsed time spent in this place.
 B = Non-inter-level travel time spent in this place.
 C = Inter-level travel time spent in this place.
 D = Time resting spent in this place.
 E = Time spent auto-exploring this place.
 F = Levels seen in this place.
 G = Mean time per level.
                   A        B        C        D        E       F      G
               +--------+--------+--------+--------+--------+-----+--------+
         Total |  12512 |  12170 |    342 |    460 |  10074 |  10 | 1251.2 |
       Dungeon |  12423 |  12081 |    342 |    460 |   9986 |   9 | 1380.3 |
        Temple |     89 |     89 |      0 |      0 |     88 |   1 |   89.0 |
               +--------+--------+--------+--------+--------+-----+--------+

Top non-repeatable levels by time:
     D:8: 2793 daAuts
     D:2: 1604 daAuts
     D:9: 1562 daAuts
     D:6: 1410 daAuts
     D:3: 1160 daAuts
     D:4: 1119 daAuts
     D:7: 1073 daAuts
     D:5: 969 daAuts
     D:1: 728 daAuts
  Temple: 89 daAuts
